Map: Emerald City CE

Players

Adaś

  • Race: Protoss Protoss
  • League: Master
  • Spawn Location: 5:00

MikO

  • Race: Terran Terran
  • League: Master
  • Spawn Location: 5:00

Ekelpack - Winner!

  • Race: Zerg Zerg
  • Spawn Location: 11:00

Nyck - Winner!

  • Race: Terran Terran
  • League: Silver
  • Spawn Location: 11:00

VOD

Have the link to the VOD?

Description

Time

  • Played on: Oct. 23, 2024, 4:34 p.m.
  • Length: 30:17
Show
View Real Time Build Order
Export as new Build Order

Adaś Protoss 

Build Orders:  

Get SALT Encoding   

  12  0:16  Probe  
  13  0:24  Assimilator  
  13  0:28  Probe  
  14  0:35  Assimilator  
  14  0:40  Probe  
  15  0:53  Pylon  
  15  1:11  Probe  
  16  1:23  Probe (Chrono Boost)  
  16  1:24  Pylon  
  17  1:35  Probe (Chrono Boost)  
  18  1:40  Probe (Chrono Boost)  
  19  1:49  Probe  
  19  1:50  Gateway  
  19  1:51  Gateway  
  20  2:01  Probe  
  21  2:12  Pylon  
  21  2:43  Cybernetics Core  
  21  2:49  Gateway  
  21  2:53  Zealot x2  
  25  3:01  Cybernetics Core  
  25  3:21  Nexus  
  25  3:34  Probe  
  25  3:39  Pylon  
  26  3:45  Stalker (Chrono Boost)  
  26  3:46  Probe  
  29  3:55  Stalker (Chrono Boost)  
  31  3:58  Warp Gate  
  33  4:13  Stalker (Chrono Boost)  
  33  4:17  Stalker (Chrono Boost)  
  35  4:30  Stalker  
  37  4:37  Stalker  
  39  4:48  Twilight Council  
  39  4:58  Assimilator  
  39  4:59  Stalker  
  41  5:04  Probe  
  41  5:06  Probe  
  43  5:16  Probe  
  43  5:20  Robotics Facility  
  44  5:24  Adept  
  46  5:32  Probe x2  
  48  5:44  Probe x2  
  48  5:46  Assimilator  
  48  5:47  Charge (Chrono Boost)  
  50  5:56  Probe x2  
  52  6:06  Forge  
  52  6:08  Probe  
  50  6:16  Stalker  
  42  6:36  Stalker  
  41  6:46  Probe  
  41  6:47  Probe  
  40  6:59  Probe  
  41  7:03  Probe  
  42  7:21  Protoss Ground Weapons Level 1  
  42  7:39  Blink (Chrono Boost), Pylon  
  42  7:45  Pylon  
  38  8:05  Photon Cannon  
  38  8:07  Probe  
  39  8:21  Templar Archives  
  39  8:33  Stalker  
  40  8:42  Probe x2  
  42  8:54  Probe x2  
  44  9:05  Photon Cannon  
  44  9:14  Pylon  
  44  9:15  High Templar  
  44  9:16  High Templar  
  48  9:21  Archon  
  48  9:24  Probe (Chrono Boost)  
  48  9:28  Probe (Chrono Boost)  
  51  9:39  Probe (Chrono Boost)  
  51  9:41  Probe (Chrono Boost), Photon Cannon  
  52  9:48  Probe  
  52  9:51  Probe  
  54  9:57  High Templar  
  56  10:13  Probe x2  
  58  10:18  Gateway  
  58  10:23  Photon Cannon  
  58  10:25  Probe, Photon Cannon  
  59  10:37  High Templar  
  59  10:42  Archon  
  61  10:47  Pylon  
  61  10:54  Photon Cannon  
  61  10:55  Probe (Chrono Boost)  
  61  10:56  Probe (Chrono Boost)  
  63  10:57  Photon Cannon  
  64  11:06  Probe x2 (Chrono Boost)  
  64  11:09  High Templar x2  
  64  11:10  Probe x2 (Chrono Boost)  
  69  11:14  Archon  
  71  11:18  High Templar  
  71  11:19  High Templar  
  71  11:21  Probe x2  
  77  11:31  Photon Cannon  
  77  11:33  Probe  
  77  11:35  Probe  
  77  11:38  Protoss Ground Weapons Level 2 (Chrono Boost)  
  79  11:45  Probe  
  80  11:50  High Templar x2  
  84  12:05  Archon x2  
  84  12:09  Zealot  
  40  12:39  Zealot x3  
  40  12:40  Zealot  
  40  12:41  Probe (Chrono Boost)  
  50  12:46  Probe (Chrono Boost)  
  49  12:52  Probe (Chrono Boost)  
  49  12:55  Probe (Chrono Boost)  
  49  12:56  Probe (Chrono Boost)  
  45  13:05  Probe  
  46  13:07  Gateway, Probe  
  46  13:12  Pylon  
  47  13:15  Immortal  
  47  13:17  Probe  
  47  13:19  Probe  
  53  13:23  Robotics Facility  
  53  13:25  Pylon  
  53  13:28  Pylon  
  53  13:29  Probe  
  53  13:30  High Templar x4  
  62  13:34  Archon x2  
  62  13:47  Photon Cannon x2  
  62  13:49  Photon Cannon  
  62  13:50  Photon Cannon  
  62  13:53  Shield Battery  
  62  13:58  Psionic Storm  
  62  14:01  Immortal  
  66  14:10  Robotics Bay  
  66  14:13  High Templar x3  
  72  14:18  Zealot x2  
  72  14:24  Archon  
  76  14:32  Nexus  
  76  14:40  Zealot x2, Immortal  
  58  15:01  Zealot x4  
  58  15:02  Zealot  
  54  15:20  Immortal, Colossus  
  64  15:27  Zealot  
  64  15:28  Zealot x2  
  64  15:49  Zealot x3  
  69  16:02  Pylon  
  69  16:05  Pylon  
  69  16:08  Protoss Ground Weapons Level 3  
  69  16:10  Immortal  
  73  16:13  Colossus  
  79  16:20  Dark Shrine  
  79  16:29  Stalker x2  
  79  16:49  Immortal  
  79  16:52  Photon Cannon  
  83  17:09  Zealot x3  
  83  17:10  Observer  
  68  18:05  Dark Templar  
  70  18:06  Dark Templar x2  
  70  18:07  Probe x2  
  76  18:14  Probe  
  76  18:19  Assimilator, Probe x2  
  79  18:26  Probe  
  80  18:31  Probe  
  80  18:32  Probe  
  82  18:37  Photon Cannon  
  82  18:38  Probe  
  82  18:40  Photon Cannon  
  83  18:44  Gravitic Boosters, Probe x2  
  85  18:50  Probe  
  86  18:56  Protoss Ground Armor Level 1 (Chrono Boost), Probe x2  
  86  18:57  Stalker x2  
  86  18:58  Assimilator, Stalker  
  94  19:30  Immortal, Colossus  
  88  19:41  Extended Thermal Lance  
  74  19:59  Zealot  
  76  20:09  Colossus  
  82  20:17  Photon Cannon  
  82  20:22  Photon Cannon  
  82  20:24  Photon Cannon, Immortal  
  86  20:28  Pylon  
  86  20:51  Gateway  
  86  20:52  Gateway  
  86  20:53  Gateway  
  86  20:59  Nexus  
  86  21:02  Colossus x2  
  98  21:18  Pylon  
  98  21:20  Pylon  
  98  21:23  Pylon  
  98  21:26  Pylon  
  98  21:33  Protoss Ground Armor Level 2 (Chrono Boost)  
  97  21:51  Stalker  
  97  21:52  Stalker x3  
  88  21:57  Immortal  
  55  22:31  Stalker  
  55  22:32  Stalker x2  
  55  23:00  Assimilator  
  55  23:02  Assimilator  
  55  23:12  Photon Cannon  
  55  23:16  Photon Cannon  
  55  23:18  Dark Templar x3  
  55  23:19  Dark Templar  
  63  23:36  Photon Cannon  
  63  23:37  Photon Cannon  
  63  24:03  Zealot x4  
  63  24:09  Shield Battery  
  71  24:28  Nexus  
  71  24:34  Photon Cannon  
  71  24:35  Photon Cannon  
  71  24:39  Shield Battery  
  71  24:55  Colossus  
  71  24:59  Observer  
  78  25:20  Immortal  
  66  26:16  Stalker x3  
  66  26:17  Stalker  
  64  26:18  Protoss Ground Armor Level 3 (Chrono Boost)  
  64  26:25  Warp Prism  
  56  26:41  Stalker x3  
  56  26:42  Stalker  
  60  26:58  Photon Cannon  
  60  26:59  Immortal  
  64  27:01  Immortal  
  60  27:18  Stalker x4  
  43  27:40  Assimilator  
  43  27:41  Disruptor (Chrono Boost)  
  43  27:43  Stalker  
  43  27:44  Assimilator, Stalker x2  
  48  28:01  Warp Prism (Chrono Boost)  
  50  28:07  Stalker  
  50  28:08  Stalker  
  54  28:20  Pylon  
  54  28:24  Pylon  
  54  28:40  Stalker  
  45  29:18  Pylon  
  27  29:44  Gateway x2  
  27  29:47  Gateway  
  27  29:50  Gateway  
  27  30:13  Gateway  
  26  30:14  Gateway  
Show
View Real Time Build Order
Export as new Build Order

MikO Terran 

Build Orders: Mech 

Get SALT Encoding   

  12  0:00  SCV  
  13  0:12  SCV  
  14  0:27  Supply Depot, SCV  
  15  0:35  Refinery  
  15  0:48  SCV  
  16  0:59  Barracks  
  16  1:01  SCV  
  17  1:13  SCV  
  19  1:25  SCV  
  19  1:38  Command Center  
  19  1:44  SCV  
  20  1:47  Reaper  
  20  1:50  Supply Depot  
  21  1:57  Orbital Command  
  21  2:14  Factory  
  21  2:19  Barracks Reactor  
  21  2:25  SCV  
  21  2:28  Refinery  
  22  2:32  Supply Depot  
  22  2:40  SCV  
  23  2:50  Orbital Command  
  23  2:52  SCV  
  23  2:57  Marine x2  
  26  2:59  Factory Tech Lab  
  26  3:19  Marine x2  
  28  3:20  Siege Tank  
  28  3:21  SCV x2  
  33  3:33  SCV x2  
  35  3:40  Marine x2  
  36  3:45  SCV x2  
  36  3:47  Command Center  
  38  3:57  SCV  
  38  3:58  SCV, Engineering Bay  
  40  4:04  Marine x2  
  40  4:09  Starport  
  43  4:10  SCV  
  43  4:14  Siege Tank  
  43  4:16  SCV  
  47  4:19  Refinery  
  47  4:22  SCV  
  48  4:30  SCV  
  49  4:32  Refinery  
  49  4:34  SCV  
  50  4:42  SCV  
  51  4:46  SCV  
  51  4:51  Factory  
  52  4:53  Factory  
  52  4:54  SCV  
  52  4:56  Starport Reactor  
  52  4:58  SCV  
  54  5:20  SCV  
  55  5:24  Siege Tank  
  58  5:31  Orbital Command  
  58  5:32  SCV x2  
  60  5:37  Command Center, Viking x2  
  60  5:42  Factory  
  64  5:44  SCV  
  64  5:46  Factory Tech Lab  
  64  5:47  Factory Reactor  
  65  5:53  Barracks Reactor  
  65  5:54  Missile Turret  
  65  5:56  SCV  
  65  5:57  SCV x2  
  68  6:09  SCV x3  
  68  6:10  Cyclone  
  73  6:18  Missile Turret  
  73  6:19  Missile Turret  
  73  6:21  SCV x3  
  73  6:22  Missile Turret  
  73  6:23  Missile Turret  
  73  6:24  Cyclone  
  78  6:25  Hurricane Engines  
  78  6:33  SCV x2  
  78  6:34  SCV  
  78  6:38  Missile Turret  
  78  6:39  Cyclone  
  83  6:45  SCV x2  
  85  6:49  SCV  
  86  6:55  Supply Depot  
  86  6:56  Armory  
  86  6:57  Missile Turret  
  86  6:59  Missile Turret  
  86  7:02  Orbital Command  
  86  7:07  Armory  
  86  7:09  Cyclone x3  
  86  7:10  Cyclone  
  86  7:12  Infernal Pre-Igniter  
  94  7:19  Supply Depot, SCV x2  
  94  7:22  Refinery  
  96  7:23  Refinery  
  95  7:43  SCV x2  
  97  7:44  Thor  
  97  7:45  Thor  
  109  7:57  SCV  
  110  8:04  Terran Vehicle And Ship Armor Level 1, Terran Vehicle Weapons Level 1  
  110  8:06  Neosteel Armor  
  110  8:09  Drilling Claws  
  110  8:13  Widow Mine  
  110  8:14  Widow Mine  
  114  8:22  Hellion  
  116  8:28  Siege Tank  
  119  8:36  Missile Turret x2  
  119  8:38  Missile Turret  
  119  8:52  SCV  
  119  8:53  SCV  
  121  9:03  SCV x2  
  121  9:06  Command Center  
  121  9:09  Thor, Refinery  
  129  9:12  Supply Depot, Refinery  
  129  9:13  Supply Depot  
  129  9:14  Supply Depot x2  
  129  9:15  Supply Depot  
  129  9:17  Supply Depot  
  129  9:19  Supply Depot  
  129  9:21  SCV x2, Factory x2  
  129  9:22  SCV x2  
  133  9:36  Smart Servos  
  133  9:39  Siege Tank  
  133  9:41  Missile Turret  
  136  9:46  Hi-Sec Auto Tracking  
  136  9:47  Missile Turret x2  
  136  9:49  SCV  
  136  9:52  Siege Tank  
  140  9:56  SCV x2  
  142  10:09  SCV  
  142  10:14  SCV  
  144  10:15  Missile Turret x2  
  144  10:19  Missile Turret  
  144  10:20  Missile Turret  
  144  10:22  Terran Vehicle Weapons Level 2, Terran Vehicle And Ship Armor Level 2  
  144  10:24  Factory Tech Lab x2  
  144  10:26  Viking x2  
  148  10:33  Planetary Fortress  
  148  10:36  SCV  
  149  10:46  Refinery, Command Center  
  151  10:50  Widow Mine x3  
  151  10:53  Refinery  
  151  10:54  SCV x4  
  159  11:11  SCV x2  
  159  11:14  Ghost Academy  
  159  11:15  Ghost Academy, Missile Turret  
  159  11:18  Factory  
  161  11:19  Barracks Tech Lab, Missile Turret  
  161  11:21  Missile Turret  
  161  11:30  Fusion Core  
  161  11:34  Terran Infantry Armor Level 1  
  148  11:58  Siege Tank x3, Hellion, Widow Mine x2  
  148  11:59  Hellion  
  133  12:07  Siege Tank, Hellion, Widow Mine  
  131  12:12  Liberator x2  
  132  12:19  Hellion  
  122  12:25  Widow Mine  
  116  12:30  Siege Tank x3, Widow Mine  
  116  12:31  Widow Mine  
  104  12:38  Widow Mine x2  
  104  12:39  Siege Tank  
  93  12:56  Widow Mine  
  76  13:02  Siege Tank x3  
  87  13:05  Widow Mine  
  87  13:06  Hellion x3  
  87  13:11  Siege Tank  
  96  13:21  Terran Vehicle Weapons Level 3  
  96  13:28  Terran Vehicle And Ship Armor Level 3  
  95  13:34  Siege Tank x3  
  99  13:43  Siege Tank  
  102  13:51  Viking  
  104  13:57  Widow Mine  
  106  14:06  Siege Tank x3  
  115  14:11  Widow Mine  
  115  14:15  Siege Tank  
  120  14:27  Hellion, Widow Mine  
  124  14:37  Widow Mine  
  124  14:38  Siege Tank x3, Hellion  
  105  15:01  Siege Tank  
  105  15:03  Widow Mine  
  105  15:04  Widow Mine  
  98  15:10  Siege Tank  
  98  15:13  Siege Tank, Widow Mine  
  92  15:27  Siege Tank  
  92  15:28  Hellion  
  95  15:32  Orbital Command  
  95  15:45  Siege Tank, Widow Mine x2  
  95  15:47  SCV  
  103  15:57  Factory Reactor  
  103  16:01  SCV x3  
  106  16:12  Siege Tank, Hellion  
  106  16:13  Hellion, Widow Mine  
  111  16:26  Siege Tank  
  111  16:27  Hellion x2  
  111  16:28  Widow Mine  
  120  16:34  Hellion x2, Widow Mine  
  120  16:35  Hellion, Widow Mine  
  130  16:44  Hellion  
  130  16:45  SCV  
  133  16:47  Refinery x2  
  133  16:48  Widow Mine x2  
  133  16:49  Hellion  
  133  16:53  Command Center  
  139  16:55  Cyclone, Hellion x2  
  139  16:56  Cyclone, Hellion  
  149  17:03  Widow Mine  
  149  17:05  SCV x3  
  149  17:06  Widow Mine  
  156  17:09  Hellion  
  156  17:10  Hellion  
  160  17:17  SCV x3  
  160  17:19  Widow Mine  
  165  17:29  SCV x2  
  159  17:51  Siege Tank x2, Hellion x2  
  135  17:58  Siege Tank, Widow Mine  
  131  18:05  Siege Tank  
  134  18:23  Siege Tank, Hellion, Widow Mine  
  141  18:35  Orbital Command  
  141  18:41  Siege Tank, Widow Mine  
  146  18:52  Refinery  
  146  18:53  Widow Mine  
  148  18:58  Widow Mine  
  150  19:04  Missile Turret  
  150  19:08  Orbital Command  
  150  19:21  Siege Tank, Hellion  
  150  19:22  Hellion  
  155  19:26  SCV  
  149  19:32  Siege Tank  
  149  19:38  Widow Mine  
  149  19:40  SCV x2  
  149  19:44  SCV  
  138  19:49  Widow Mine  
  138  19:52  SCV  
  133  19:53  Siege Tank  
  133  19:54  Widow Mine  
  133  19:58  SCV x2  
  136  20:03  Refinery  
  136  20:04  SCV  
  137  20:08  Siege Tank x2, Widow Mine  
  137  20:09  Widow Mine  
  137  20:10  SCV x2  
  149  20:14  Siege Tank  
  156  20:21  Widow Mine x2  
  156  20:26  Widow Mine x2  
  156  20:27  Widow Mine  
  162  20:30  Hellion  
  162  20:31  Hellion  
  166  20:37  SCV x2  
  166  20:39  SCV  
  166  20:40  Widow Mine x2  
  177  20:42  Widow Mine  
  177  20:43  Widow Mine  
  177  20:47  Hellion  
  177  20:48  Hellion, Widow Mine x2  
  177  20:49  SCV  
  187  20:51  SCV  
  174  21:01  SCV, Siege Tank  
  174  21:03  Siege Tank, SCV  
  174  21:04  Hellion x3, Widow Mine  
  188  21:08  Hellion  
  188  21:11  Widow Mine x3  
  198  21:13  SCV  
  198  21:15  SCV  
  176  21:54  Siege Tank x2, Hellion, Widow Mine  
  176  21:55  Hellion  
  176  22:00  Siege Tank, Widow Mine  
  176  22:01  Hellion x2  
  182  22:16  Siege Tank, Widow Mine  
  182  22:18  Hellion, Widow Mine  
  183  22:23  Hellion  
  183  22:26  Siege Tank  
  183  22:29  Siege Tank  
  186  22:34  Widow Mine  
  180  22:41  Widow Mine  
  169  22:52  Siege Tank  
  172  23:03  Siege Tank  
  172  23:04  Hellion  
  172  23:05  Orbital Command  
  177  23:08  Refinery  
  177  23:19  Siege Tank  
  175  23:42  Siege Tank, Widow Mine  
  175  23:43  Hellion  
  173  23:54  Siege Tank, Widow Mine  
  175  23:59  SCV  
  176  24:06  Widow Mine  
  178  24:14  Widow Mine  
  179  24:26  Missile Turret  
  179  24:30  Widow Mine  
  181  24:33  Orbital Command  
  181  24:50  Siege Tank  
  182  24:59  Hellion  
  184  25:12  Widow Mine  
  186  25:17  SCV  
  181  25:30  Siege Tank x2, Widow Mine  
  185  25:42  Siege Tank, Widow Mine  
  188  25:43  Hellion x2  
  190  26:01  Refinery  
  190  26:02  Siege Tank, Cyclone x3  
  197  26:27  Refinery  
  197  26:46  Cyclone x2  
  199  26:49  SCV  
  181  27:06  Cyclone x4  
  163  27:13  Thor  
  163  27:14  Thor x2  
  163  27:15  Hellion  
  118  27:56  Siege Tank  
  118  27:57  Siege Tank x2  
  127  28:02  Hellion  
  129  28:08  Widow Mine  
  124  28:29  Siege Tank x2  
  128  28:36  SCV x3  
  126  28:42  Siege Tank  
  126  28:43  Hellion, Widow Mine  
  130  28:51  SCV x2  
  130  29:05  SCV  
  128  29:20  Widow Mine x2  
  128  29:21  Widow Mine x3  
  123  29:42  Hellion  
  123  29:43  Hellion  
Show
View Real Time Build Order
Export as new Build Order

Ekelpack Zerg - Winner!

Build Orders: Hatch First 

Get SALT Encoding   

  12  0:00  Drone  
  13  0:13  Overlord  
  13  0:17  Drone  
  14  0:32  Drone  
  15  0:48  Hatchery  
  14  0:50  Drone  
  15  1:05  Spawning Pool  
  15  1:08  Drone  
  15  1:11  Extractor  
  15  1:14  Drone  
  15  1:17  Drone  
  16  1:22  Drone  
  17  1:31  Drone  
  18  1:41  Drone  
  19  1:55  Queen  
  19  1:58  Drone  
  22  2:01  Queen  
  22  2:08  Drone  
  25  2:10  Drone  
  26  2:15  Overlord  
  26  2:19  Drone  
  28  2:22  Drone  
  28  2:28  Drone, Extractor  
  28  2:36  Drone  
  29  2:41  Lair  
  29  2:44  Drone x2  
  29  2:46  Extractor  
  29  2:48  Drone  
  31  2:54  Drone  
  31  2:56  Drone  
  33  3:12  Drone x3  
  36  3:16  Overlord  
  36  3:19  Extractor  
  35  3:22  Drone  
  36  3:33  Overlord  
  36  3:41  Drone, Spire  
  35  3:42  Drone  
  35  3:43  Overlord x2  
  37  3:49  Drone x2  
  37  3:50  Drone, Queen  
  37  3:54  Metabolic Boost  
  42  3:59  Zergling x2  
  43  4:09  Zergling x10  
  48  4:20  Pneumatized Carapace  
  48  4:55  Overlord, Mutalisk  
  48  4:56  Mutalisk x5  
  60  5:01  Overlord  
  60  5:02  Zerg Flyer Weapons Level 1  
  60  5:07  Infestation Pit  
  60  5:09  Drone  
  60  5:15  Drone x3  
  63  5:22  Mutalisk x2  
  63  5:23  Mutalisk  
  63  5:25  Overlord  
  69  5:38  Hatchery  
  69  5:40  Mutalisk  
  69  5:41  Mutalisk  
  69  5:42  Overlord  
  72  5:53  Mutalisk  
  72  5:55  Zergling x4  
  76  6:02  Evolution Chamber  
  75  6:24  Mutalisk x3  
  82  6:25  Zergling x4  
  82  6:26  Zergling x4  
  85  6:33  Overlord  
  85  6:45  Overlord  
  85  6:47  Hive  
  85  6:48  Zerg Melee Weapons Level 1  
  85  6:58  Drone x6  
  91  7:06  Evolution Chamber  
  90  7:14  Overlord  
  90  7:17  Drone x3  
  90  7:18  Drone  
  90  7:19  Extractor  
  90  7:21  Extractor  
  84  7:41  Zergling x10  
  84  7:42  Zergling x6  
  92  8:01  Drone x3  
  92  8:02  Drone x7  
  92  8:03  Drone  
  103  8:10  Overlord x2  
  103  8:15  Hatchery  
  102  8:20  Evolution Chamber  
  101  8:44  Zerg Ground Armor Level 1  
  101  8:48  Ultralisk Cavern  
  100  9:11  Zerg Melee Weapons Level 2  
  100  9:23  Overlord x3  
  100  9:32  Overlord  
  100  9:33  Overlord x2  
  100  9:34  Chitinous Plating  
  100  9:35  Ultralisk  
  100  9:36  Ultralisk x5  
  136  10:05  Ultralisk x3  
  154  10:12  Drone x4  
  154  10:13  Drone x2  
  156  10:22  Drone x3  
  156  10:23  Drone  
  156  10:24  Extractor  
  156  10:26  Extractor  
  156  10:28  Overlord  
  158  10:53  Anabolic Synthesis  
  158  10:57  Drone x3  
  161  11:08  Ultralisk x2  
  161  11:09  Ultralisk x2  
  185  11:16  Overseer  
  185  11:18  Overseer  
  183  11:45  Ultralisk x4  
  183  11:46  Ultralisk  
  185  12:01  Overlord  
  185  12:07  Ultralisk x2  
  185  12:08  Zergling x2  
  192  12:11  Adrenal Glands  
  192  12:14  Zerg Melee Weapons Level 3  
  192  12:22  Zerg Ground Armor Level 2  
  178  12:35  Ultralisk  
  178  12:40  Overlord  
  178  12:48  Ultralisk x2  
  160  13:17  Zergling x2  
  160  13:18  Zergling x14  
  160  13:19  Zergling x8  
  172  13:40  Ultralisk x3  
  172  13:41  Ultralisk  
  190  13:45  Zergling x4, Ultralisk  
  190  13:46  Zergling x4  
  192  14:29  Hatchery  
  191  14:32  Ultralisk  
  197  14:43  Zergling x2  
  197  14:44  Zergling x4  
  193  14:53  Overlord x2  
  104  15:19  Ultralisk x6  
  104  15:20  Ultralisk x2  
  104  15:21  Zergling x4  
  110  15:44  Drone  
  110  16:04  Drone x2  
  111  16:13  Ultralisk  
  111  16:14  Ultralisk x3  
  111  16:33  Zerg Ground Armor Level 3  
  111  16:44  Ultralisk  
  111  16:45  Ultralisk x3  
  133  17:00  Ultralisk x2  
  145  17:19  Ultralisk x3  
  145  17:20  Ultralisk x2  
  163  17:46  Ultralisk x3  
  121  18:00  Hatchery  
  108  18:14  Ultralisk x3  
  126  18:26  Ultralisk x3  
  144  18:35  Ultralisk x2  
  144  18:36  Ultralisk  
  144  18:38  Zergling x12  
  144  18:39  Zergling x14  
  144  18:40  Zergling x2  
  176  19:06  Overlord, Ultralisk x2  
  180  19:19  Drone  
  181  19:29  Drone x2  
  181  19:30  Drone  
  172  19:47  Ultralisk x3  
  172  19:48  Zergling x8, Ultralisk  
  172  19:49  Extractor  
  172  19:50  Extractor  
  198  20:02  Hatchery  
  198  20:05  Drone x3  
  200  20:09  Extractor  
  200  20:13  Extractor  
  200  20:43  Ultralisk  
  158  22:18  Ultralisk x7  
  116  22:53  Mutalisk x5  
  116  22:54  Mutalisk x3  
  116  22:55  Zergling x2  
  116  22:56  Zergling x12  
  127  23:01  Drone  
  127  23:02  Drone x2  
  127  23:04  Drone x3  
  133  23:10  Zergling x8  
  137  23:14  Zergling x2  
  138  23:29  Zergling x8  
  138  23:30  Zergling x14  
  125  23:53  Zergling x2  
  125  23:54  Zergling x12  
  125  23:55  Zergling x12  
  131  23:56  Zergling x4  
  126  24:18  Zergling x8  
  126  24:19  Zergling x14  
  137  24:27  Mutalisk  
  137  24:28  Mutalisk x7  
  137  24:29  Mutalisk  
  149  24:52  Overseer  
  149  24:53  Overseer  
  121  25:18  Zergling x6  
  121  25:19  Zergling x12  
  121  25:20  Zergling x10  
  109  25:31  Zergling x10  
  109  25:32  Zergling x4  
  98  25:48  Zergling x6  
  98  25:49  Zergling x12  
  107  25:50  Zergling x4  
  108  26:00  Overseer x3  
  105  26:16  Zergling x12  
  105  26:17  Zergling x12  
  105  26:18  Zergling x2  
  104  26:46  Zergling x10  
  104  26:47  Zergling x14  
  96  26:48  Zergling x2  
  100  26:55  Zergling x10  
  105  27:11  Ultralisk x6  
  105  27:12  Zergling x6  
  105  27:13  Zergling x2  
  137  27:21  Zergling x8  
  137  27:22  Zergling x4  
  114  27:41  Hatchery  
  114  27:43  Zergling x12  
  114  27:44  Zergling x8  
  112  27:54  Zergling x2, Ultralisk  
  112  27:55  Zergling x8  
  117  28:06  Zergling x8  
  109  28:36  Zergling x10  
  109  28:37  Zergling x12  
  109  28:38  Zergling x4  
  121  28:43  Hatchery  
  120  29:00  Zergling x6  
  120  29:01  Zergling x12  
  120  29:02  Zergling x10  
  129  29:24  Drone  
  129  29:25  Drone x2  
  68  29:48  Zergling x4  
  68  29:49  Zergling x12  
  68  29:50  Zergling x12  
  68  29:51  Zergling x4  
Show
View Real Time Build Order
Export as new Build Order

Nyck Terran - Winner!

Build Orders: Reaper Expand 

Get SALT Encoding   

  12  0:00  SCV  
  13  0:12  SCV  
  14  0:17  Supply Depot  
  14  0:24  SCV  
  15  0:39  SCV  
  16  0:43  Barracks  
  16  0:49  Refinery  
  16  0:51  SCV  
  17  1:03  SCV  
  18  1:15  SCV  
  19  1:36  Reaper  
  19  1:37  Command Center  
  20  1:45  Refinery  
  20  1:47  Supply Depot, SCV  
  21  2:01  Orbital Command  
  21  2:18  Barracks Tech Lab  
  21  2:23  Engineering Bay  
  21  2:28  Factory  
  21  2:32  SCV  
  23  2:44  SCV  
  23  2:45  Combat Shield  
  22  3:13  Marine  
  21  3:21  SCV  
  21  3:22  Orbital Command  
  21  3:41  SCV  
  21  3:47  Terran Infantry Weapons Level 1  
  22  3:49  SCV  
  22  3:53  SCV  
  24  3:58  Factory Reactor  
  24  4:01  SCV  
  25  4:02  Starport  
  25  4:05  SCV  
  25  4:09  Marauder  
  28  4:10  Concussive Shells  
  28  4:16  SCV  
  29  4:18  SCV  
  30  4:28  SCV  
  30  4:30  SCV  
  32  4:37  Armory  
  32  4:39  Marine  
  32  4:41  SCV  
  32  4:42  SCV  
  35  4:51  Refinery  
  35  4:53  SCV  
  35  4:54  SCV, Refinery  
  37  5:08  Marine  
  38  5:15  SCV x2  
  38  5:17  Command Center  
  40  5:27  SCV x2  
  40  5:28  Marine  
  43  5:30  Stimpack  
  43  5:36  Engineering Bay  
  43  5:37  Terran Vehicle And Ship Armor Level 1  
  43  5:38  Medivac  
  45  5:44  Supply Depot  
  45  5:48  SCV  
  46  5:56  Factory Reactor  
  46  6:02  Barracks, Terran Infantry Weapons Level 2  
  46  6:04  Terran Infantry Armor Level 1  
  46  6:05  Marine, Medivac  
  46  6:06  SCV  
  46  6:07  Supply Depot  
  50  6:13  SCV  
  50  6:18  SCV  
  52  6:23  Marine  
  52  6:25  SCV  
  54  6:30  Supply Depot, SCV  
  55  6:42  SCV  
  55  6:43  SCV  
  55  6:45  Orbital Command, Factory Reactor  
  57  6:50  Barracks Reactor  
  57  6:51  Barracks  
  57  6:53  Supply Depot  
  57  6:54  Marine  
  57  6:57  SCV  
  57  6:58  SCV  
  60  7:09  SCV  
  60  7:10  SCV  
  60  7:12  Marine  
  63  7:20  Supply Depot  
  63  7:22  SCV x3, Command Center  
  66  7:30  Marine  
  67  7:38  Factory Reactor  
  67  7:39  SCV x2, Barracks  
  67  7:40  SCV  
  67  7:41  Refinery  
  70  7:45  Marine  
  70  7:46  Marine x3  
  74  7:51  SCV  
  74  7:52  SCV x2  
  77  7:59  Marine  
  77  8:03  SCV  
  77  8:04  SCV x2  
  81  8:09  Marine x3  
  81  8:10  Marine  
  85  8:16  SCV x3  
  87  8:26  Medivac  
  87  8:27  Medivac  
  91  8:28  SCV x3, Marine x4  
  91  8:29  Marine x2  
  91  8:30  Factory Reactor  
  91  8:31  Barracks  
  100  8:34  Marauder  
  100  8:38  Supply Depot  
  100  8:40  SCV  
  100  8:41  Terran Infantry Armor Level 2, Terran Infantry Weapons Level 3  
  103  8:50  Supply Depot  
  103  8:53  SCV x2  
  103  8:54  SCV  
  103  8:55  Orbital Command  
  106  9:02  Supply Depot  
  106  9:08  SCV x3  
  106  9:09  Refinery  
  109  9:13  Supply Depot  
  109  9:14  Marine x5  
  109  9:15  Marine  
  109  9:16  Refinery, Marauder  
  79  9:17  Medivac x2  
  121  9:26  Supply Depot, SCV x4  
  121  9:30  Barracks  
  125  9:34  Marine x4  
  125  9:35  Marine x3  
  125  9:36  Marine  
  125  9:37  Supply Depot, Marauder  
  135  9:41  SCV x4  
  139  9:54  Supply Depot, Command Center  
  139  9:56  SCV  
  139  9:57  SCV x3  
  139  9:58  Marine x7  
  139  9:59  Marine  
  151  10:00  Supply Depot  
  151  10:01  Marauder  
  151  10:02  Medivac x2  
  157  10:09  SCV x4  
  161  10:14  Refinery  
  161  10:18  Supply Depot  
  161  10:21  SCV x4  
  164  10:28  Marine x8  
  166  10:30  Barracks Reactor  
  166  10:33  SCV x4  
  166  10:35  Terran Vehicle And Ship Armor Level 2  
  177  10:39  Medivac x2  
  181  10:43  Supply Depot  
  181  10:51  Marine x2  
  181  10:52  Marine x2  
  181  10:53  Marine x3  
  188  11:04  Marine, Marauder  
  188  11:06  Supply Depot  
  188  11:10  Orbital Command  
  191  11:13  SCV x4  
  191  11:14  Refinery  
  195  11:28  Supply Depot  
  195  11:31  Marine x3  
  195  11:32  Marine x2  
  200  11:40  Terran Infantry Armor Level 3  
  200  11:51  Supply Depot  
  198  12:13  Supply Depot  
  198  12:14  Marine x2  
  182  12:42  Marine x11  
  178  12:59  Marine  
  178  13:00  Marine x5  
  184  13:13  Medivac x2  
  184  13:14  Marine x5  
  184  13:17  Marine  
  184  13:18  Marine x5  
  199  13:25  Terran Vehicle And Ship Armor Level 3  
  199  13:31  Armory  
  199  13:32  Marine  
  200  14:03  Command Center  
  125  15:39  Marine x9  
  125  15:40  Marine x2  
  124  15:57  Marine x11  
  134  16:06  Medivac x2  
  138  16:14  Marine  
  138  16:15  Marine x10  
  149  16:32  Marine, Refinery  
  149  16:33  Marine x10  
  160  16:50  Marine  
  160  16:51  Marine x10  
  171  17:07  Planetary Fortress  
  171  17:08  Marine x4  
  171  17:09  Marine x7  
  171  17:13  Medivac  
  171  17:14  Medivac  
  186  17:26  Marine x11  
  197  17:44  Marine x4  
  146  18:01  Marine  
  146  18:02  Marine x10  
  153  18:17  Ghost Academy  
  153  18:19  Marine x5  
  154  18:20  Marine x5  
  163  18:37  Marine x9  
  163  18:38  Marine  
  173  18:48  Ghost  
  173  18:55  Marine x10  
  185  19:12  Marine  
  185  19:13  Marine x9  
  195  19:17  Ghost  
  190  19:30  Marine  
  190  19:31  Marine x9  
  192  19:45  Ghost  
  192  19:48  Marine x4  
  192  19:49  Marine  
  199  20:00  Terran Ship Weapons Level 1  
  199  20:05  Starport  
  199  20:15  Fusion Core  
  191  20:43  Starport, Ghost  
  193  20:53  Nuke  
  193  20:56  Marine x3  
  196  21:11  Ghost  
  198  21:21  Starport  
  198  21:35  Personal Cloaking  
  190  21:40  Ghost  
  167  21:57  Starport  
  157  22:08  Ghost  
  109  22:35  Starport  
  105  22:37  Ghost  
  105  22:40  Marine  
  105  22:41  Marine x9  
  86  22:58  Marine  
  86  22:59  Marine x9  
  96  23:06  Ghost  
  96  23:08  Starport Tech Lab x3  
  96  23:09  Starport Tech Lab  
  95  23:13  Starport Tech Lab  
  95  23:16  Marine, Starport  
  95  23:17  Marine x9  
  105  23:20  Weapon Refit  
  105  23:34  Marine x6, Ghost  
  105  23:35  Marine x4  
  114  23:52  Marine x8  
  114  23:53  Marine x2  
  124  23:57  Terran Ship Weapons Level 2  
  124  23:59  Battlecruiser  
  124  24:00  Battlecruiser x4  
  124  24:01  Starport Tech Lab  
  154  24:03  Ghost  
  154  24:09  Marine  
  155  24:10  Marine x9  
  163  24:27  Battlecruiser, Marine  
  163  24:28  Marine x9  
  179  24:31  Ghost  
  181  24:45  Marine  
  181  24:46  Marine x5  
  187  24:53  Caduceus Reactor  
  187  25:00  Marine  
  187  25:04  Battlecruiser x2  
  198  25:45  Refinery  
  198  25:48  Refinery  
  178  26:12  Battlecruiser x3, Viking  
  198  26:23  Marine  
  107  27:21  Marine  
  108  27:23  Battlecruiser x3, Viking  
  108  27:24  Battlecruiser x2  
  108  27:25  Marine x10  
  150  27:39  Marine  
  150  27:42  Marine  
  150  27:43  Marine  
  153  27:51  Marine x8  
  154  27:53  Battlecruiser  
  154  27:57  Marine  
  168  28:00  Marine  
  168  28:01  Marine  
  170  28:09  Marine x8  
  178  28:15  Marine  
  178  28:18  Marine  
  178  28:19  Marine  
  181  28:26  Marine  
  182  28:27  Marine x7, Battlecruiser  
  182  28:28  Battlecruiser  
  182  28:32  Marine  
  191  28:36  Marine x2  
  193  28:44  Marine  
  193  28:45  Marine  
  175  28:57  Battlecruiser  
  181  29:12  Marine x3  
  181  29:13  Marine x8  
  192  29:30  Marine x2  
Tags
 
Add a new tag
Caveats
  • Supply blocks, unpowered buildings, or Contaminate may cause inaccurate times.
  • Supply counts are checked every 10 seconds.